 Dungeon Crawl Stone Soup version 0.23.1 (webtiles) character file.

Game seed: 15258448620340246432

333 Kairos the Sneak (level 6, -15/29 HPs)
             Began as a Vine Stalker Enchanter on Mar 17, 2019.
             Demolished by an ogre
             ... wielding a +0 giant club
              (17 damage)
             ... on level 4 of the Dungeon.
             The game lasted 00:04:31 (1586 turns).

Kairos the Sneak (Vine Stalker Enchanter)           Turns: 1586, Time: 00:04:32

Health: -15/29     AC: 11    Str: 11    XL:     6   Next: 52%
Magic:  0/11       EV: 11    Int: 15    God:
Gold:   120        SH:  0    Dex: 16    Spells: 6/10 levels left

rFire    . . .     SeeInvis .   e - +0 dagger (drain)
rCold    . . .     Gourm    .   (no shield)
rNeg     . . .     Faith    .   g - +3 ring mail
rPois    .         Spirit   +   (no helmet)
rElec    .         Reflect  .   (no cloak)
rCorr    .         Harm     .   (no gloves)
MR       .....                  n - +2 pair of boots
Stlth    ++........             p - amulet of rage
HPRegen  0.49/turn              c - ring of wizardry
MPRegen  0.12/turn              (no ring)

@: lethally poisoned (-15 -> -16)
A: fangs 2, regeneration 1, magic shield, antimagic bite, no potion heal 3, rot
immunity
a: Evoke Berserk Rage


You were on level 4 of the Dungeon.
You were very hungry.

You visited 1 branch of the dungeon, and saw 6 of its levels.

You collected 120 gold pieces.

Inventory:

Hand Weapons
 a - a +1 dagger
 b - a +2 dagger of speed
 e - a +0 dagger of draining (weapon)
Armour
 g - a +3 ring mail (worn)
 n - a +2 pair of boots (worn)
Jewellery
 c - a ring of wizardry (left hand)
 p - an amulet of rage (around neck)
 r - an uncursed amulet of the gourmand
Scrolls
 i - a scroll of amnesia
 j - a scroll of remove curse {unknown}
Potions
 f - a potion of brilliance {unknown}
 k - a potion of agility {unknown}
 l - a potion of mutation {unknown}
 m - a potion of flight {unknown}
 q - 3 potions of curing {unknown}
Comestibles
 d - 3 rations


   Skills:
 + Level 0.8 Fighting
 + Level 2.5 Short Blades
 + Level 1.3 Armour
 + Level 2.3 Dodging
 + Level 5.4 Stealth
 + Level 2.9 Spellcasting
 + Level 4.2 Hexes


You had 6 spell levels left.
You knew the following spells:

 Your Spells              Type           Power        Failure   Level  Hunger
a - Corona                Hex            ##.....      3%          1    #......
b - Confuse               Hex            ##......     11%         3    ###....

Your spell library contained the following spells:

 Spells                   Type           Power        Failure   Level  Hunger
 Tukima's Dance           Hex            ##......     11%         3    ###....
 Ensorcelled Hibernation  Hex/Ice        #.....       12%         2    ##.....
 Dazzling Spray           Conj/Hex       #.....       24%         3    ###....


Dungeon Overview and Level Annotations

Branches:
Dungeon (6/15)
 Temple: D:4-7

Altars:


Innate Abilities, Weirdness & Mutations

You have extremely sharp teeth.
Your natural rate of healing is unusually fast.
When hurt, damage is shared between your health and your magic reserves.
Your bite disrupts and absorbs the magic of your enemies.
Potions cannot restore your health.
You are immune to rotting.


Message History

e - a +0 dagger of draining (weapon)
The adder bites you. The ogre hits you with a +0 giant club.
You hit the ogre.
The ogre is lightly wounded.
The adder bites you.
You are poisoned.
The adder poisons you! The ogre hits you with a +0 giant club!
You hit the ogre.
The ogre is lightly wounded.
You are feeling very hungry.
You feel sick. The adder barely misses you.
The adder bites you but does no damage.
You hit the ogre. You bite the ogre, but do no damage.
The ogre is lightly wounded.
The ogre hits you with a +0 giant club!
* * * LOW HITPOINT WARNING * * *
The adder bites you but does no damage. The ogre hits you with a +0 giant club!
Ouch! That really hurt!
You die...

.........
.......8
#####.......
#...#.....# .
#...#.....#..
#.S.#...S.'..
#.O@#..O..#
#...#.>...#
#...'O....#
#..#......#
####+######


You could see an ogre and an adder.

Vanquished Creatures
  An ogre (D:6)
  A centaur (D:2)
  A crimson imp (D:5)
  An orc wizard (D:5)
  3 gnolls (D:5)
  An adder (D:5)
  2 oozes (D:1)
  2 worms (D:2)
  3 dart slugs
  A leopard gecko (D:1)
  4 orcs (D:5)
  2 ball pythons (D:2)
  A giant cockroach (D:1)
  7 goblins
  6 hobgoblins
  A quokka (D:2)
  8 bats
  A frilled lizard (D:2)
  4 kobolds
  5 rats
55 creatures vanquished.

Notes
Turn   | Place    | Note
-------+----------+-------------------------------------------
     0 | D:1      | Kairos the Vine Stalker Enchanter began the quest for the
                  | Orb.
     0 | D:1      | Reached XP level 1. HP: 9/9 MP: 4/4
    54 | D:1      | Reached XP level 2. HP: 13/13 MP: 6/6
   296 | D:1      | Reached XP level 3. HP: 13/16 MP: 4/7
   467 | D:2      | Reached skill level 1 in Short Blades
   534 | D:2      | Noticed a centaur
   545 | D:2      | Killed a centaur
   545 | D:2      | Reached skill level 4 in Stealth
   545 | D:2      | Gained mutation: Your natural rate of healing is unusually
                  | fast. [Vine Stalker growth]
   545 | D:2      | Reached XP level 4. HP: 11/21 MP: 7/9
   550 | D:2      | Learned a level 3 spell: Confuse
   574 | D:2      | Reached XP level 5. HP: 24/24 MP: 10/10
  1342 | D:3      | You fall through a shaft for 3 floors!
  1369 | D:6      | Noticed an ogre
  1380 | D:6      | Noticed an orc warrior
  1381 | D:6      | Killed an ogre
  1381 | D:6      | Reached skill level 5 in Stealth
  1381 | D:6      | Reached XP level 6. HP: 29/29 MP: 1/11
  1396 | D:5      | Entered Level 5 of the Dungeon
  1402 | D:5      | Reached skill level 1 in Armour
  1585 | D:4      | HP: 1/29 [ogre/+0 giant club (12)]
  1586 | D:4      | Demolished by an ogre

Skill      XL: |  1  2  3  4  5  6 |
---------------+-------------------+-----
Short Blades   | 1 2 |  2.5
Stealth        | 4 5 |  5.4
Hexes          | 4 |  4.2
Dodging        | 2 |  2.3
Armour         | 1 |  1.3
Fighting       | |  0.8
Spellcasting   | |  2.9

Action                   |  1- 3 |  4- 6 || total
-------------------------+-------+-------++-------
Melee: Dagger            |    58 |   150 ||   208
       Bite              |    15 |    27 ||    42
 Cast: Confuse           |       |     5 ||     5
  Use: Scroll            |       |     5 ||     5
 Stab: Sleeping          |     4 |     3 ||     7
       Confused          |       |     2 ||     2
  Eat: Chunk             |       |     2 ||     2
Armor: Robe              |     3 |       ||     3
       Ring mail         |    12 |    62 ||    74
Dodge: Dodged            |    26 |    87 ||   113
